 Dungeon Crawl Stone Soup version 0.21.1-1-g345015f (webtiles) character file.

49 letownia2 the Chiller (level 3, -5/24 HPs)
             Began as a Vine Stalker Ice Elementalist on Feb 24, 2018.
             Slain by an orc priest
             ... wielding a +0 hand axe
              (6 damage)
             ... on level 4 of the Dungeon.
             The game lasted 00:05:25 (901 turns).

letownia2 the Chiller (VSIE)                         Turns: 901, Time: 00:05:26

Health: -5/24      AC:  3    Str: 15    XL:     3   Next: 75%
Magic:  0/7        EV: 12    Int: 16    God:
Gold:   124        SH:  0    Dex: 14    Spells: 2/6 levels left

rFire    . . .     SeeInvis .   h - +2 dagger (venom)
rCold    . . .     Gourm    .   (no shield)
rNeg     . . .     Faith    +   j - +0 leather armour
rPois    .         Spirit   +   (no helmet)
rElec    .         Reflect  .   (no cloak)
rCorr    .         Harm     .   (no gloves)
MR       .....                  (no boots)
Stlth    ..........             d - amulet of faith
HPRegen  0.08/turn              (no ring)
MPRegen  0.10/turn              (no ring)

@: berserking, very quick
A: fangs 2, magic shield, antimagic bite, no potion heal 3, rot immunity
a: no special abilities


You were on level 4 of the Dungeon.
You were hungry.

You visited 1 branch of the dungeon, and saw 4 of its levels.

You collected 124 gold pieces.

Inventory:

Hand Weapons
 h - a +2 dagger of venom (weapon)
 r - a +1 short sword of protection
Armour
 a - a +0 robe
 j - a +0 leather armour (worn)
Jewellery
 d - an amulet of faith (around neck)
Scrolls
 i - 4 scrolls of teleportation {unknown}
 k - a scroll of enchant armour {unknown}
 l - a scroll of fear {unknown}
 p - a scroll of remove curse {unknown}
 s - a scroll of identify {unknown}
Potions
 f - a potion of curing
 g - a potion of cancellation {unknown}
 m - a potion of mutation {unknown}
 n - a potion of haste {unknown}
 q - a potion of lignification {unknown}
Books
 b - a book of Frost

   Spells                             Type                      Level
   a - Freeze                         Ice                          1
   b - Throw Frost                    Conjuration/Ice              2
   c - Ozocubu's Armour               Charms/Ice                   3
   d - Throw Icicle                   Conjuration/Ice              4
   e - Summon Ice Beast               Ice/Summoning                4
Comestibles
 c - 4 rations


   Skills:
 - Level 0.4 Armour
 - Level 1.7 Dodging
 - Level 2.4 Stealth
 - Level 2.1 Spellcasting
   Level 1.0 Conjurations
 + Level 0.3 Charms
 + Level 4.2 Ice Magic


You had 2 spell levels left.
You knew the following spells:

 Your Spells              Type           Power        Failure   Level  Hunger
a - Freeze                Ice            ###.         4%          1    #......
o - Ozocubu's Armour      Chrm/Ice       #.......     28%         3    ###....


Dungeon Overview and Level Annotations

Branches:
Dungeon (4/15)
 Temple: D:4-7

Altars:
Fedhas
Xom
Zin

Annotations:
D:4 Pikel


Innate Abilities, Weirdness & Mutations

You have extremely sharp teeth.
When hurt, damage is shared between your health and your magic reserves.
Your bite disrupts and absorbs the magic of your enemies.
Potions cannot restore your health.
You are immune to rotting.


Message History

The jackal closely misses you.
The orc priest mumbles some strange prayers to Beogh against you.
Beogh smites you!
* * * LOW HITPOINT WARNING * * *
Unknown command.
Casting: Freeze
Confirm with . or Enter, or press ? or * to list all spells.
Okay, then.
It was a potion of curing.
That felt strangely inert.
The jackal misses you. The orc priest barely misses you.
The jackal closely misses you. The adder bites you.
* * * LOW HITPOINT WARNING * * *
Unknown command.
You have no ailments to cure.
Unknown command.
It was a potion of berserk rage.
A red film seems to cover your vision as you go berserk!
You feel yourself moving faster!
You feel mighty!
The orc priest hits you with a hand axe!
You die... .s. ##.# ..## ..####### .ps# #.......# pp#

#........
..
#.......#
#.s.....#
#.......#
#.S.....#
#@ol....#
#.h.....#
#.......#
#.......#
#########


You could see an orc priest, an adder, a leopard gecko, a jackal and a giant
cockroach.

Vanquished Creatures
  2 adders
  A leopard gecko (D:2)
  2 orcs
  2 giant cockroaches
  6 hobgoblins
  2 jackals (D:3)
  4 kobolds
  A ball python (D:2)
  4 bats
  2 frilled lizards (D:2)
  A rat (D:3)
27 creatures vanquished.

Notes
Turn   | Place    | Note
-------+----------+-------------------------------------------
     0 | D:1      | letownia2 the Vine Stalker Ice Elementalist began the quest for the Orb.
     0 | D:1      | Reached XP level 1. HP: 9/9 MP: 4/4
   241 | D:2      | Reached XP level 2. HP: 3/13 MP: 1/6
   530 | D:2      | Reached skill level 4 in Ice Magic
   547 | D:3      | Found a blossoming altar of Fedhas.
   560 | D:4      | Noticed Pikel
   561 | D:4      | Noticed a slave
   562 | D:4      | Noticed a scorpion
   564 | D:4      | Reached XP level 3. HP: 16/16 MP: 3/7
   565 | D:4      | Noticed a slave
   565 | D:4      | Noticed a slave
   587 | D:3      | Learned a level 3 spell: Ozocubu's Armour
   690 | D:3      | Found a glowing silver altar of Zin.
   873 | D:3      | Found a shimmering altar of Xom.
   873 | D:3      | Found a shimmering altar of Xom.
   874 | D:3      | Found a shimmering altar of Xom.
   875 | D:3      | Found a shimmering altar of Xom.
   876 | D:3      | Found a shimmering altar of Xom.
   876 | D:3      | Found a shimmering altar of Xom.
   876 | D:3      | Found a shimmering altar of Xom.
   901 | D:4      | Slain by an orc priest

Skill      XL: |  1  2 |
---------------+-------+-----
Ice Magic      | 4 |  4.2
Armour         | |  0.4
Dodging        | |  1.7
Stealth        | |  2.4
Spellcasting   | |  2.1
Conjurations   | |  1.0
Charms         | |  0.3

Action                   || total
-------------------------++-------
Melee: Dagger            ||    18
       Bite              ||     3
 Cast: Freeze            ||    39
       Ozocubu's Armour  ||     1
  Use: Potion            ||     2
 Stab: Sleeping          ||     2
Armor: Robe              ||     2
       Leather armour    ||    22
Dodge: Dodged            ||    56
